 Dungeon Crawl Stone Soup version 0.31-a0-267-g3fc6992b3b (webtiles) character file.

Game seed: 309069190514559059

82 qw the Shooter (level 4, 0/26 HPs)
             Began as a Gargoyle Hexslinger on July 13, 2023.
             Slain by Grinder (8 damage)
             ... on level 3 of the Dungeon.
             The game lasted 00:00:52 (2096 turns).

qw the Shooter (Gargoyle Hexslinger)                Turns: 2096, Time: 00:00:52

Health: 0/26       AC:  9    Str: 12    XL:     4   Next: 43%
Magic:  5/5        EV: 10    Int: 13    God:
Gold:   132        SH:  0    Dex: 14    Spells: 4/5 levels left

rFire   . . .        Y - +1 sling
rCold   . . .        (no shield)
rNeg    + . .        h - +0 ring mail
rPois   inf          (no helmet)
rElec   +            j - +0 cloak
rCorr   .            (no gloves)
SInv    .            (no boots)
Will    .....        (no amulet)
Stlth   +            (no ring)
HPRegen 0.24/turn    (no ring)
MPRegen 0.09/turn

%: no passive effects
@: no status effects
A: sickness immunity, AC +3, negative energy resistance 1, electricity
resistance, torment resistance 1, petrification resistance
a: no special abilities


You were on level 3 of the Dungeon.
You visited 1 branch of the dungeon, and saw 3 of its levels.

You collected 132 gold pieces.


Innate Abilities, Weirdness & Mutations

You are immune to sickness and miasma.
Your stone body is resilient. (AC +3)
You are immune to poison.
You resist negative energy. (rN+)
You are resistant to electric shocks. (rElec)
You are resistant to unholy torment.
You are immune to petrification.


   Skills:
 - Level 2.0 Fighting
 + Level 4.0 Ranged Weapons
 - Level 1.0 Armour
 - Level 1.5 Dodging
 - Level 1.0 Spellcasting
 - Level 2.6 Hexes


You had 4 spell levels left.
You knew the following spells:

 Your Spells              Type           Power      Damage    Failure   Level
a - Slow                  Hex            28%        N/A       22%         1

Your spell library contained the following spells:

 Spells                   Type           Power      Damage    Failure   Level
 Inner Flame              Hex/Fire       4%         N/A       73%         3
 Portal Projectile        Hex/Tloc       8%         N/A       73%         3
 Cause Fear               Hex            3%         N/A       91%         4

Inventory:

Hand Weapons
 Y - a +1 sling (weapon)
Armour
 h - a +0 ring mail (worn)
 j - a +0 cloak (worn)
Scrolls
 a - 3 scrolls of identify
 b - a scroll of teleportation

Dungeon Overview and Level Annotations

Branches:
Dungeon (3/15)

Altars:

Shops:
D:1 :

Annotations:
D:3 Grinder


Message History

Grinder hits you but does no damage. Grinder gestures at you.
Pain shoots through your body!
You shoot a sling bullet. The sling bullet barely misses Grinder.
Grinder hits you but does no damage.
You shoot a sling bullet. The sling bullet barely misses Grinder.
Grinder says, "At least Makhleb appreciates what I'm doing."
Grinder hits you.
You writhe in agony.
You shoot a sling bullet.
The sling bullet closely misses Grinder.
Grinder blinks! x2
You shoot a sling bullet.
The sling bullet closely misses Grinder.
You shoot a sling bullet.
The sling bullet closely misses Grinder.
You shoot a sling bullet. The sling bullet barely misses Grinder.
Grinder closely misses you. Grinder hits you.
You shoot a sling bullet. The sling bullet barely misses Grinder.
Grinder gestures at you.
You suddenly lose the ability to move!
Grinder hits you but does no damage.
You can move again.
You shoot a sling bullet. The sling bullet hits Grinder.
Grinder is almost dead.
Grinder barely misses you.
You shoot a sling bullet. The sling bullet barely misses Grinder.
Grinder misses you. Grinder gestures at you.
You barely resist. You shoot a sling bullet.
The sling bullet completely misses Grinder.
Grinder hits you but does no damage.
You shoot a sling bullet. The sling bullet hits Grinder.
Grinder is almost dead.
Grinder hits you!
You shoot a sling bullet. The sling bullet barely misses Grinder.
Grinder hits you.
You writhe in agony.
Grinder closely misses you.
You shoot a sling bullet. The sling bullet barely misses Grinder.
Grinder hits you!
You die...

#...##..#...#
#........##.######
.................######
###..._..##.####.#....#
#......<#.####'#....#
#......##.##.........
##.......#.##.........
#....5##.#.##.........
#....@...#.##.........
#.....####.##.........
#.....# #.##.........
#...... #########.
#...... #. .......#
#....... ###### ##
.......# #.......
#....# ### .......#
#.....### #....# #..
.......# ####...)####..


You could see Grinder.

Vanquished Creatures
  An adder (D:3)
  A worm (D:2)
  A dart slug (D:1)
  3 bats (D:1)
  3 endoplasms
  3 giant cockroaches
  5 goblins
  11 hobgoblins
  3 jackals (D:1)
  9 kobolds
  5 quokkas
  9 ball pythons
  3 frilled lizards
  4 rats
61 creatures vanquished.

Notes
Turn   | Place    | Note
-------+----------+-------------------------------------------
     0 | D:1      | qw the Gargoyle Hexslinger began the quest for the Orb.
     0 | D:1      | Reached XP level 1. HP: 12/12 MP: 2/2
     0 | D:1      | 0 ||| qw: Version: 0.3-a-52-g30416fa
     0 | D:1      | 0 ||| qw: Game counter: 7680
     0 | D:1      | 0 ||| qw: Melee chars always use a shield: true
     0 | D:1      | 0 ||| qw: God list: Okawaru
     0 | D:1      | 0 ||| qw: Allow faded altars: false
     0 | D:1      | 0 ||| qw: Do Orc after clearing Dungeon:15 true
     0 | D:1      | 0 ||| qw: Do second Lair branch before Depths: true
     0 | D:1      | 0 ||| qw: Lair rune preference: random
     0 | D:1      | 0 ||| qw: Goals: Normal
     0 | D:1      | 0 ||| PLANNING D:1-11
    43 | D:1      | Reached XP level 2. HP: 16/16 MP: 3/3
    51 | D:1      | Reached skill level 3 in Ranged Weapons
   286 | D:1      | Reached XP level 3. HP: 11/21 MP: 4/4
   357 | D:1      | Found Toeg's Book Emporium.
   889 | D:1      | 889 ||| UPGRADING to +0 leather armour.
   899 | D:1      | 899 ||| DROPPING +0 robe.
   900 | D:1      | 900 ||| UPGRADING to +0 ring mail.
   910 | D:1      | 910 ||| DROPPING +0 leather armour.
   911 | D:1      | 911 ||| UPGRADING to +0 cloak.
   916 | D:1      | 916 ||| READING 2 scrolls labelled YGUESTREHOU.
   917 | D:1      | 917 ||| READING scroll labelled AMUOSINUTY.
   921 | D:1      | 921 ||| READING scroll labelled EJUTSE YFUF.
   922 | D:1      | 922 ||| DROPPING scroll of poison.
  1175 | D:2      | Reached skill level 1 in Armour
  1215 | D:2      | Reached XP level 4. HP: 26/26 MP: 5/5
  1756 | D:2      | 1756 ||| READING scroll labelled YRIPIN BEBAC.
  1757 | D:2      | 1757 ||| DRINKING 3 bubbling blue potions.
  1812 | D:2      | 1812 ||| READING 4 scrolls of identify.
  1812 | D:2      | 1812 ||| IDENTIFYING viscous coppery potion
  1813 | D:2      | 1813 ||| READING 3 scrolls of identify.
  1813 | D:2      | 1813 ||| IDENTIFYING ruby potion
  1814 | D:2      | 1814 ||| DROPPING 2 potions of lignification.
  1815 | D:2      | 1815 ||| DROPPING potion of invisibility.
  1816 | D:2      | 1816 ||| DROPPING potion of degeneration.
  2009 | D:3      | Reached skill level 4 in Ranged Weapons
  2024 | D:3      | Found a faded altar of an unknown god.
  2031 | D:3      | Noticed Grinder
  2037 | D:3      | 2037 ||| FLEEEEING.
  2041 | D:3      | 2041 ||| STAIRDANCE
  2060 | D:3      | Paralysed by Grinder for 5 turns
  2074 | D:3      | Paralysed by Grinder for 3 turns
  2089 | D:3      | Paralysed by Grinder for 2 turns
  2096 | D:3      | Slain by Grinder

Levels and vault maps discovered:
D:1:      wander_arrival_desolate, layout_basic, serial_shops,
          nicolae_shop_back_alley_shop, minmay_pentomino_t4
D:2:      wad_crossroads, layout_basic
D:3:      layout_basic, ebering_ecumenical_altar_sacrificial,
          nicolae_goblin_pals, uniq_grinder

Skill      XL: |  1  2  3  4 |
---------------+-------------+-----
Ranged Weapons | 3 4 |  4.0
Fighting       | 2 |  2.0
Armour         | 1 |  1.0
Dodging        | |  1.5
Spellcasting   | |  1.0
Hexes          | |  2.6

Action                     |  1- 3 |  4- 6 || total
---------------------------+-------+-------++-------
   Fire: Sling             |   123 |    77 ||   200
    Use: Scroll            |     3 |     3 ||     6
         Potion            |       |     1 ||     1
 Armour: Robe              |    14 |       ||    14
         Ring mail         |     2 |    11 ||    13
  Dodge: Dodged            |    34 |    17 ||    51

Table legend:
 A = Non-vault XP
 B = Vault XP
 C = Vault XP percentage of total XP
 D = Non-vault monster count
 E = Vault monster count
 F = Vault count percentage of total count
                 A         B        C        D         E       F
            +---------+---------+-------+---------+---------+-------
      Total |     104 |      14 |  11.9 |      52 |       9 |  14.8
            +---------+---------+-------+---------+---------+-------
        D:1 |      60 |       6 |   9.1 |      34 |       4 |  10.5
        D:2 |      28 |       6 |  17.6 |      15 |       4 |  21.1
        D:3 |      16 |       2 |  11.1 |       3 |       1 |  25.0
            +---------+---------+-------+---------+---------+-------
